[Event "Budapest IM-A ONE WEEK Feb 2024"]
[Site "Budapest"]
[Date "2024.02.27"]
[Round "3"]
[White "Papp, Sarah"]
[Black "Toth-Goczo, Melinda"]
[Result "1/2-1/2"]
[ECO "B20"]
[WhiteElo "2279"]
[BlackElo "2201"]
[Annotator "TA"]
[PlyCount "102"]
[EventDate "2024.02.25"]
[EventType "tourn"]
[EventCountry "HUN"]
[SourceTitle "playchess.com"]
[Source "ChessBase"]
[SourceQuality "1"]
[TimeControl "5400+30"]

1. e4 c5 2. d3 Nc6 3. g3 g6 4. Bg2 Bg7 5. f4 d6 6. Nf3 e6 7. c3 Nge7 8. O-O O-O 9. Be3 f5 10. Nbd2 Rb8 11. Rc1 b6 12. Re1 h6 {[%emt 0:07:38] Weiß steht etwas besser.} 13. Bf2 Kh8 (13... fxe4 $11 14. dxe4 (14. Nxe4 Nf5 $14) 14... e5) 14. d4 fxe4 15. Nxe4 c4 16. Nh4 b5 17. Nd2 {[%emt 0:05:39][%cal Be4d2,Bd2f3,Bf3e5][%mdl 32] Schwarz muss nun Bxc6 beachten.} d5 18. Ndf3 Kh7 19. Ne5 Qc7 20. Qc2 Nxe5 21. dxe5 b4 (21... a5 $14) 22. Nf3 {[%emt 0:07:12] Weiß steht aktiver.} Bd7 23. h4 Nf5 24. g4 Ne7 25. Be3 Kh8 26. cxb4 Rxb4 27. Qf2 ({Besser ist} 27. b3 $16) 27... Rb7 {[%emt 0:01:37] [#]} (27... Nc6 $11) 28. b3 $1 $16 Bb5 (28... Qc8 29. Bc5) 29. Nd4 Qd7 (29... Qc8 $16 {war einen Versuch wert.} 30. a4 Ba6) 30. bxc4 $18 Bxc4 31. Rxc4 dxc4 32. Bxb7 {[%emt 0:00:41] Ein starkes Läuferpaar.} Bxe5 33. Be4 Bg7 34. Nf3 e5 (34... Nd5 $142 35. g5 (35. Bxa7 Rxf4 36. g5 e5 $18) (35. Bxg6 Qc7 $18) 35... Nxe3) 35. Qg3 (35. Bxa7 Rxf4 36. Kh2 Qxg4 $11) 35... exf4 36. Bxf4 c3 37. Be5 Rf7 38. Bxg7+ Kxg7 39. Kh1 Nc6 {[%emt 0:00:26] Pariert Qe5+.} (39... Qc8 $142 40. Qe5+ Kg8) 40. Re3 $2 (40. Ne5 Nxe5 41. Qxe5+ Kg8 42. Bd5 (42. Qxc3 Qxg4 43. Qe3 Qxh4+ 44. Kg2 Kg7 $18) (42. Bxg6 Rf8 $18)) 40... Qd1+ 41. Qg1 c2 42. Rc3 (42. Bxc6 $2 Qxg1+ (42... c1=Q $2 43. Qxd1 Qxd1+ 44. Re1 $19) 43. Nxg1 c1=Q $19 (43... c1=R 44. Bf3 $14)) 42... Nd4 43. Nxd4 ({Weiss braucht} 43. Bxc2 $1 $18 Qxg1+ 44. Nxg1) 43... Rf1 $40 {[%emt 0:00:14][%mdl 128] Schwarz greift an.} 44. Kg2 c1=Q (44... Rxg1+ $142 45. Kh2 Qxd4 (45... c1=R $2 46. Rxc1 Qxc1 47. Ne2 $19) (45... Qd2+ $2 46. Ne2 $19) 46. Rc7+ Kf8 (46... Kf6 47. Rxc2 Rxg4 48. Bg2 Qe3 49. Rc6+ Ke5 50. Rc2 Rxh4+ 51. Bh3 Rxh3+ 52. Kg2 Rg3+ 53. Kh2 Qg1#) 47. Rc8+ Ke7 48. Rc7+ Kd8 49. Rxc2 Rxg4 (49... Qxe4 50. Rd2+ Ke7 51. Kxg1 Qe1+ 52. Kg2 Qxd2+ 53. Kf3 Ke6 54. Ke4 Qb4+ 55. Kd3 Qxg4 56. Ke3 Kd5 57. a3 Qh3+ 58. Ke2 Ke4 59. Kd2 Qb3 60. Ke2 Qc2+ 61. Ke1 Kf3 62. Kf1 Qf2#) 50. Bg2 Qe3 (50... Rxh4+ 51. Bh3 Qe3 52. Rc8+ Ke7 53. Rc7+ Kd6 54. Rd7+ Kc6 55. Rc7+ Kxc7 56. Kg2 Rxh3 57. Kf1 Rh2 58. a4 Qf2#) 51. h5 Rh4+ (51... gxh5 52. Rb2 Rh4+ 53. Bh3 Rxh3+ 54. Kg2 Rg3+ 55. Kh2 Qg1#) 52. Bh3 Rxh3+ 53. Kg2 Rg3+ 54. Kh2 Qg1#) 45. Rxc1 $19 {[%emt 0:00:32] [#]} Kf6 $4 {[%emt 0:00:35][%mdl 8192] [#]} 46. Bd5 $4 {[%emt 0:01:21][%mdl 8192] [#]} a6 $4 {[%emt 0:00:50][%mdl 8192] [#]} 47. Nf3 $4 {[%emt 0:00:07][%mdl 8192] [#]} g5 $4 48. hxg5+ hxg5 49. Bc6 $4 {[%emt 0:00:00][%mdl 8192] [#]} (49. Qb6+ {und alles wird gut.} Kg7 50. Rc7+ Kh8 51. Qh6#) 49... Ke7 $4 {[%emt 0:00:43][%mdl 8192] [#]} 50. Nxg5 $4 {[%emt 0:01:03][%mdl 8192] [#]} a5 $4 {[%emt 0:00:56][%mdl 8192] [#]} 51. a4 $4 Rf5 $4 {[%emt 0:00:03][%mdl 40960] Eine wilde Partie.   Gewichteter Fehlerwert: Weiß=0.76/Schwarz=0.83.  Verlustzug:     	Weiß=1     	---        Gewinn verpasst:   	Weiß=1     	---        Fehler:       	Weiß=2     	Schwarz=7     Ungenau:       	Weiß=2     	Schwarz=1     OK:         	Weiß=10    	Schwarz=10    Brilliant:      	Weiß=1     	---       . Ein unerwartetes Ergebnis.} (51... Rxg1+ {und Schwarz kann entspannen.} 52. Kh2 Qxc1 53. Bg2 Rxg2+ 54. Kxg2 Qxg5 55. Kf3 Kd6 56. Ke4 Kc5 (56... Qxg4+ {wird mattgesetzt.} 57. Kd3 Kc5 58. Ke3 Kc4 59. Kd2 Qe4 60. Kc1 Qe2 61. Kb1 Kb3 62. Kc1 Qe1#) 57. Kd3 Qxg4 58. Ke3 Kc4 (58... Qxa4 {führt zum Matt.} 59. Kf3 Qh4 60. Ke2 Kd4 61. Kf3 Kd3 62. Kg2 Ke2 63. Kg1 Kf3 64. Kf1 Qh1#) 59. Kd2 Qe4 60. Kc1 Qe2 61. Kb1 Kb3 62. Kc1 Qe1#) 1/2-1/2

[Event "Budapest IM-A ONE WEEK Feb 2024"]
[Site "Budapest"]
[Date "2024.02.27"]
[Round "3"]
[White "Fodor, Balazs"]
[Black "Jakab, Attila"]
[Result "1/2-1/2"]
[ECO "A11"]
[WhiteElo "2215"]
[BlackElo "2278"]
[Annotator "TA"]
[PlyCount "51"]
[EventDate "2024.02.25"]
[EventType "tourn"]
[EventCountry "HUN"]
[SourceTitle "playchess.com"]
[Source "ChessBase"]
[SourceQuality "1"]
[TimeControl "5400+30"]

1. Nf3 d5 2. e3 Nf6 3. c4 e6 4. Nc3 c6 5. b3 Nbd7 6. Qc2 g6 7. Bb2 Bg7 8. Be2 {[%emt 0:02:41] The position is equal.} O-O 9. d4 Qe7 10. O-O b6 11. a4 Bb7 12. cxd5 Nxd5 13. Nxd5 exd5 14. a5 {[%emt 0:09:04] [#] Hoping for a6.} c5 15. dxc5 bxc5 ({Black should try} 15... Bxb2 $11 16. Qxb2 bxc5) 16. Bxg7 $14 Kxg7 17. a6 Bc6 18. b4 $36 {[%emt 0:00:35][%mdl 2048] And now b5 would win. White is pushing.} Rac8 19. bxc5 Nxc5 20. Qc3+ Kg8 21. Qa3 Rfe8 22. Nd4 {[%emt 0:01:40] Black must now prevent Nxc6.} Bd7 23. Rfc1 Ne6 (23... Qd6 $16) 24. Rxc8 $18 Bxc8 {[%emt 0:00:06] [#]} 25. Qxe7 $2 (25. Nc6 $1 $18 Qc7 26. Rc1) 25... Rxe7 $14 26. Nb5 {[%emt 0:08:03] Weighted Error Value: White=0.18 (very precise) /Black=0.23 (precise) .  Mistake:       	White=1     	Black=2      Inaccurate:     	White=2     	Black=4      OK:         	White=5     	Black=6      Best:        	White=2     	Black=1} 1/2-1/2

[Event "Budapest IM-A ONE WEEK Feb 2024"]
[Site "Budapest"]
[Date "2024.02.27"]
[Round "3"]
[White "Foldes, Marton Gabor"]
[Black "Szeberenyi, Adam"]
[Result "0-1"]
[ECO "B07"]
[WhiteElo "2119"]
[BlackElo "2255"]
[Annotator "TA"]
[PlyCount "92"]
[EventDate "2024.02.25"]
[EventType "tourn"]
[EventCountry "HUN"]
[SourceTitle "playchess.com"]
[Source "ChessBase"]
[SourceQuality "1"]
[TimeControl "5400+30"]

1. e4 g6 2. d4 Bg7 3. Nc3 d6 4. h4 Nf6 5. Be2 h5 6. Nf3 O-O 7. O-O c6 8. a4 Na6 9. Bg5 {[%emt 0:14:07] Weiß hat minimalen Vorteil.} Nb4 10. a5 Qc7 11. Ne1 c5 (11... e5 $11 {ist überlegen.}) 12. Nb5 (12. d5 $14) 12... Qd7 13. c3 {[%emt 0:05:47] Droht Bxf6 und aus.} Nc6 14. f3 (14. d5 $142) 14... a6 $11 15. Na3 Nxa5 16. d5 {[%emt 0:07:23] [#]} (16. Be3 $11) 16... b5 (16... Qc7 $1 $17) 17. b4 $1 cxb4 18. cxb4 {[%emt 0:00:04] [#]} Nc4 19. Nxc4 (19. Bxc4 bxc4) 19... bxc4 20. Bxc4 Qc7 ({Günstiger ist} 20... Qa7+ $15 21. Kh2 Nh7) 21. Qb3 $2 {[%emt 0:01:53][%mdl 8192] [#]} (21. Rc1 $1 $11) 21... Nxe4 $1 $19 22. Rc1 (22. Ra2 Nxg5) 22... Bd4+ 23. Kh2 Be5+ 24. Kg1 $2 (24. f4 {einziger Zug.} Bg7 (24... Nd2 $2 25. Qd1 $17) 25. Nf3) 24... Nxg5 25. hxg5 Qb6+ 26. Kh1 Qd4 27. f4 Bxf4 28. Nf3 Qa7 29. Rce1 Bg4 (29... Bg3 $19 30. Re3 Bf5) 30. Re4 $17 Bxf3 31. Rxf4 Bg4 32. Qd3 Bf5 {[%emt 0:01:37] Gegen Qe4 gerichtet.} (32... a5 $19 33. bxa5 Qxa5) 33. Qf3 Rac8 ({Besser ist} 33... a5 $19 34. bxa5 Qxa5) 34. Be2 ({Vorzuziehen ist} 34. Bd3 Bxd3 35. Qxd3) 34... e6 35. Qg3 (35. dxe6 $17 fxe6 (35... Bxe6 36. Rf6 $17) 36. Bd3) 35... Rc2 ({Keinesfalls} 35... exd5 36. Rxf5 gxf5 37. g6 fxg6 38. Qxg6+ Qg7 39. Qxd6 $19) 36. Bd1 Rc1 {[%emt 0:02:09] ...e5 ist eine echte Drohung.} 37. Qa3 Rfc8 38. dxe6 Bxe6 39. b5 (39. Be2 $142 R1c2 40. Qd3) 39... R8c4 $19 ({Nicht} 39... Qc5 40. Qxc5 R8xc5 41. bxa6 $19) 40. Qxd6 (40. Rxc4 $142 Rxc4 41. Qg3) 40... Rxf4 41. Qxf4 Rc4 42. Qg3 axb5 43. Be2 Re4 44. Bxb5 Rg4 $2 (44... Qb7 45. Be8 Rg4) 45. Qe1 $2 (45. Qf2 Qb7 46. Be2 Rxg5 47. Kg1) 45... Qb7 46. Qe2 {[%emt 0:00:40] [#]} Rxg2 $3 {[%emt 0:00:13][%mdl 512] Gewichteter Fehlerwert: Weiß=0.61/Schwarz=0.41.  Verlustzug:     	Weiß=1     	---        Fehler:       	Weiß=9     	Schwarz=7     Ungenau:       	Weiß=3     	Schwarz=1     OK:         	Weiß=10    	Schwarz=17    Bester:       	Weiß=3     	---        Stark:        	Weiß=1     	---        Brilliant:      	---       	Schwarz=1} 0-1

[Event "Budapest IM-A ONE WEEK Feb 2024"]
[Site "Budapest"]
[Date "2024.02.28"]
[Round "4.1"]
[White "Meessen, Rudolf"]
[Black "Jakab, Attila"]
[Result "0-1"]
[ECO "D00"]
[WhiteElo "2169"]
[BlackElo "2278"]
[Annotator "TA"]
[PlyCount "64"]
[EventDate "2024.02.25"]
[EventType "tourn"]
[EventCountry "HUN"]
[SourceTitle "playchess.com"]
[Source "ChessBase"]
[SourceQuality "1"]
[TimeControl "5400+30"]

1. d4 d5 2. Nc3 e6 3. Bf4 Bd6 4. e3 Nf6 5. Qf3 c5 6. Nb5 (6. g4 $14) 6... Bxf4 $11 7. Qxf4 O-O 8. dxc5 {[%emt 0:01:52] Black is slightly better.} Ne4 (8... Nbd7 {simplifies} 9. Qc7 a6 10. Qxd8 Rxd8 11. Nd4 Nxc5 12. Ngf3 Nfe4) 9. Nf3 {[%emt 0:04:10] aiming for Nc7.} (9. f3 $5 Bd7 10. fxe4 Bxb5 11. Nf3 $11) 9... Qa5+ {[%emt 0:03:54][%mdl 1024] Black has compensation.} 10. c3 a6 {[%emt 0:00:21] [#]} (10... Nc6 $11 {keeps the balance.}) 11. Nc7 $1 $16 Ra7 {[%emt 0:06:11][%cal Ob8d7] [#]} 12. b4 $2 {[%emt 0:00:51][%mdl 8192] White does not recover from this.} (12. Nxd5 $1 $16 {is necessary to keep the advantage.} exd5 13. Qxb8 Qxc5 14. Qf4) 12... Qa3 $19 13. Rd1 Nxc3 (13... Qxa2 $2 14. Ng5 Nxg5 (14... Nxc3 15. Bd3 $11) 15. Bd3 $19 (15. Qxg5 $2 Qb2 $19)) 14. Ne8 (14. Be2 $142) 14... Nc6 $2 (14... Nxd1 15. Nf6+ gxf6 16. Qg4+ Kh8) 15. Nxg7 {[%emt 0:11:22] Black must now prevent Nh5.} Qxb4 (15... Kxg7 16. Qg5+ Kh8 17. Qf6+ Kg8 18. Qg5+ Kh8 19. Qf6+ Kg8 20. Qg5+ Kh8 $11) 16. Qh6 (16. Nh5 Qxf4 (16... Nxd1+ 17. Qxb4 Nxb4 18. Kxd1 $19) 17. exf4 Nxd1 18. Kxd1) 16... Nxd1+ 17. Nd2 {[%emt 0:00:05] And now Nh5 would win.} Qc3 {[%emt 0:02:27] Hoping for ...Nb2.} 18. Nh5 f5 $1 19. Kxd1 (19. Be2 $142 Nxe3 20. fxe3) 19... Bd7 ({Stronger than} 19... Qxc5 20. Qg7#) 20. h4 Be8 ({Weaker is} 20... Qxc5 21. Qg7#) 21. Qg5+ (21. Nb3 $142 Bxh5+ 22. Qxh5) 21... Kh8 22. Qh6 Bxh5+ ({Not} 22... Qxc5 23. Qg7#) 23. Qxh5 d4 24. Qh6 Raa8 25. Qxe6 dxe3 26. Qxe3 Qa1+ 27. Kc2 Rad8 {[%emt 0:00:35] Strongly threatening ...Nd4+.} 28. Qc3+ Nd4+ 29. Kd3 Qd1 {[%emt 0:00:53] ( -> ...Rf6)} 30. Rh3 Rf6 {[%emt 0:00:10] Black mates.} 31. Kc4 b5+ 32. Kd3 Nc2+ {[%emt 0:00:24] Weighted Error Value: White=1.35/Black=0.78.  Loses game:     	White=1     	---        Mistake:       	White=4     	Black=2      Inaccurate:     	White=1     	Black=2      OK:         	White=4     	Black=2      Best:        	White=2     	Black=3      Strong:       	White=1     	Black=1} 0-1

[Event "Budapest IM-A ONE WEEK Feb 2024"]
[Site "Budapest"]
[Date "2024.02.28"]
[Round "4.2"]
[White "Szeberenyi, Adam"]
[Black "Fodor, Balazs"]
[Result "1/2-1/2"]
[ECO "A49"]
[WhiteElo "2255"]
[BlackElo "2215"]
[Annotator "RC"]
[PlyCount "51"]
[EventDate "2024.02.25"]
[EventType "tourn"]
[EventCountry "HUN"]
[SourceTitle "playchess.com"]
[Source "ChessBase"]
[SourceQuality "1"]
[TimeControl "5400+30"]

1. d4 Nf6 2. Nf3 g6 3. g3 Bg7 4. Bg2 O-O 5. O-O d6 6. a4 Nbd7 7. Nc3 a5 8. e4 e5 9. Re1 h6 10. h3 exd4 11. Nxd4 Nc5 12. Ndb5 Nfd7 13. Be3 Kh7 14. Bd4 Ne6 15. Bxg7 Kxg7 16. Kh2 h5 17. Qd2 h4 18. g4 g5 19. Nd4 Nxd4 20. Qxd4+ Ne5 21. Nd5 f6 22. f4 c6 23. fxe5 fxe5 24. Qb6 cxd5 25. Qxd8 Rxd8 26. exd5 1/2-1/2

[Event "Budapest IM-A ONE WEEK Feb 2024"]
[Site "Budapest"]
[Date "2024.02.28"]
[Round "4.3"]
[White "Ulasevich, Sergei"]
[Black "Foldes, Marton Gabor"]
[Result "1-0"]
[ECO "B22"]
[WhiteElo "2261"]
[BlackElo "2119"]
[Annotator "TA"]
[PlyCount "69"]
[EventDate "2024.02.25"]
[EventType "tourn"]
[EventCountry "HUN"]
[SourceTitle "playchess.com"]
[Source "ChessBase"]
[SourceQuality "1"]
[TimeControl "5400+30"]

1. e4 c5 2. c3 Nf6 3. e5 Nd5 4. Nf3 e6 5. d4 cxd4 6. cxd4 d6 7. Bc4 Nb6 8. Bd3 Nc6 9. O-O Nb4 10. Be4 d5 11. Bd3 Nxd3 12. Qxd3 {[%emt 0:00:11] The position is equal.} Be7 13. Nc3 Bd7 14. b3 Rc8 15. Bd2 O-O 16. Ne2 Qe8 17. a4 f5 18. h4 Na8 19. Nf4 Nc7 20. Ng5 Bxg5 (20... h6 $11 {remains equal.} 21. Nf3 Na6) 21. hxg5 $16 {[%emt 0:00:05] Hoping for Bb4.} g6 {[%emt 0:00:45] Black is weak on the dark squares} 22. Bb4 Rf7 23. Rfc1 Qd8 24. Qg3 {[%emt 0:00:39] White has more active pieces.} Ne8 25. Bc5 $36 {[%emt 0:03:13][%mdl 2048] Black is under strong pressure.} b6 26. Ba3 Rxc1+ 27. Rxc1 Bc8 28. Bd6 Nxd6 $2 {[%emt 0:07:40] This move loses the game for Black.} (28... Bd7 $16 {was worth a try.} 29. Rc3 Rg7) 29. exd6 $18 Rf8 30. Rc7 {[%emt 0:06:35] Strongly threatening Qh3.} Qxd6 {[%emt 0:01:43] [#]} (30... Rf7 $142 31. Rc1 Rf8) 31. Rg7+ $3 {[%emt 0:00:22][%mdl 512] White is clearly winning.} Kxg7 {[%emt 0:01:32] [#]} 32. Nh5+ $1 gxh5 33. Qxd6 Rf7 34. Qb8 Ba6 35. Qe5+ {[%emt 0:00:16] Weighted Error Value: White=0.05 (flawless) /Black=0.25 (precise) .  Loses game:     	---       	Black=1      Mistake:       	---       	Black=2      Inaccurate:     	White=1     	Black=3      OK:         	White=11    	Black=12     Best:        	---       	Black=3      Brilliant:      	White=2     	---} 1-0

[Event "Budapest IM-A ONE WEEK Feb 2024"]
[Site "Budapest"]
[Date "2024.02.28"]
[Round "4.4"]
[White "Toth-Goczo, Melinda"]
[Black "Dudognon, Thibault"]
[Result "0-1"]
[ECO "D25"]
[WhiteElo "2201"]
[BlackElo "2388"]
[Annotator "TA"]
[PlyCount "36"]
[EventDate "2024.02.25"]
[EventType "tourn"]
[EventCountry "HUN"]
[SourceTitle "playchess.com"]
[Source "ChessBase"]
[SourceQuality "1"]
[TimeControl "5400+30"]

1. d4 d5 2. c4 dxc4 3. Nf3 Nf6 4. e3 Bg4 5. Bxc4 e6 6. Qb3 Bxf3 7. gxf3 c5 8. Nc3 {[%emt 0:35:25] d5 would now be deadly.} (8. Qxb7 $5 Nbd7 $8 9. dxc5 $11) 8... cxd4 9. exd4 Bd6 {[%emt 0:04:31] The position is equal.} 10. Qxb7 Nbd7 11. Ne4 Nxe4 12. fxe4 (12. Qxe4 $11 Rc8 13. Bd3) 12... Rb8 $15 13. Qxa7 {[%emt 0:00:24] [#]} ({White should play} 13. Qa6 $15 Qh4 14. Bd3 (14. Qxd6 Qxe4+ 15. Kd2 Rb6 $11) 14... Bb4+ 15. Kf1) 13... Qh4 $1 $19 14. Rg1 $2 (14. Be2 Qxe4 (14... Bxh2 $2 {loses.} 15. Qa3 $18) 15. f3 Qh4+ 16. Kf1) 14... Qxe4+ {[%emt 0:03:47] Black is clearly winning.} 15. Kf1 Ra8 16. Rg4 {[%emt 0:02:07] Threatens to win with Qxd7+.} Qh1+ (16... Qxg4 17. Qxa8+ Ke7 18. Qxh8 $11) 17. Rg1 {[%emt 0:00:16] [#] Hoping for Qxd7+.} Qf3 (17... Qxh2 $2 {too greedy.} 18. Qxa8+ Bb8 19. Qg2 $18 (19. Rxg7 Kf8 $18)) 18. Be2 Qh3+ {[%emt 0:00:07] Black took control after the opening.   Weighted Error Value: White=1.07/Black=0.07 (flawless) .  Mistake:       	White=3     	---        Inaccurate:     	---       	Black=1      OK:         	White=1     	Black=2      Best:        	---       	Black=4      Strong:       	---       	Black=1} ({Weaker is} 18... Rxa7 19. Bxf3 g6 20. Kg2 $16) 0-1

[Event "Budapest IM-A ONE WEEK Feb 2024"]
[Site "Budapest"]
[Date "2024.02.28"]
[Round "4.5"]
[White "Horvath, David"]
[Black "Papp, Sarah"]
[Result "1/2-1/2"]
[ECO "A05"]
[WhiteElo "2330"]
[BlackElo "2279"]
[Annotator "TA"]
[PlyCount "81"]
[EventDate "2024.02.25"]
[EventType "tourn"]
[EventCountry "HUN"]
[SourceTitle "playchess.com"]
[Source "ChessBase"]
[SourceQuality "1"]
[TimeControl "5400+30"]

1. Nf3 Nf6 2. c4 e6 3. b3 d5 4. Bb2 c5 5. cxd5 exd5 6. g3 Nc6 7. Bg2 Bg4 8. O-O d4 9. Na3 Be7 10. h3 Bh5 11. e3 O-O 12. g4 Bg6 13. Nc4 h5 14. Nfe5 Nxe5 15. Nxe5 Be4 16. exd4 cxd4 17. Re1 Bxg2 18. Kxg2 Rc8 19. Nd3 {[%emt 0:12:34] Repels Bb4} Rc6 20. Ne5 Re6 {[%emt 0:04:21] Strongly threatening ...Bd6.} 21. Qf3 Bb4 $1 22. Nxf7 $2 Rxf7 $19 (22... Kxf7 23. Rxe6 Kxe6 24. Re1+ Kf7 25. g5 Bxd2 26. Re5 $11) 23. Rxe6 {[%emt 0:00:06] Threatens to win with Rae1.} Nxg4 $1 24. Qe4 {[%emt 0:00:10] [#]} (24. Rae1 Qh4 (24... Bxd2 25. Re8+ Kh7 26. Qe4+ Kh6 27. Rxd8 Rxf2+ 28. Kg1 Bb4 29. hxg4 hxg4 30. Kxf2) 25. Re8+ Bf8 26. Rxf8+ Rxf8 27. Re8 Rxe8 28. Qd5+ Kh8 29. Qxd4 Qxf2+ 30. Qxf2 Nxf2 31. Kxf2) 24... Rxf2+ $2 (24... Qh4 $1 $19 25. Re8+ Bf8 26. Rxf8+ Rxf8 27. Qd5+ Kh7 (27... Kh8 $2 28. Qf3 $19) 28. Qe4+ Kh8) 25. Kg1 $132 {[%emt 0:00:04][%mdl 2048] [#] Re8+ would now be deadly. White is fighting back. Chess con chili.} Qh4 $1 26. Re8+ Bf8 27. Rxf8+ $1 Kxf8 28. Ba3+ Kg8 29. Qe8+ Kh7 {[%emt 0:00:02] ( -> ...Qg3+)} 30. Qe4+ Kh6 31. Bd6 {[%emt 0:00:05] Inhibits Qg3+. And now Bf4+ would win.} Qxh3 32. Bf4+ g5 33. Qe6+ Kh7 $1 34. Qd7+ Kh6 (34... Kg6 $5 35. Qe6+ $8 Kg7 36. Qe7+ (36. Be5+ Kf8 $14) 36... Kh6 37. Qe6+ (37. Qf8+ Kg6 $11) 37... Kh7 38. Qe7+ Kg6 39. Qxg5+ Kh7 40. Qf5+ Kg7 41. Qd7+ (41. Be5+ Kh6 $11) 41... Kg6 42. Qe6+ Kg7 43. Qd7+ Kg6 44. Qe6+ Kg7 45. Qe7+ Kg8 46. Qe8+ Kg7 47. Qe7+ Kg8 48. Qe6+ Kg7 $11) 35. Qe6+ Kh7 $1 36. Qe7+ Kh6 37. Qxg5+ Kh7 38. Qf5+ Kg7 $1 39. Qg5+ Kf8 $2 (39... Kh7 $11 40. Qe7+ Kg8 41. Qg5+ Kh7) 40. Qf5+ $2 (40. Qd8+ $18 Kf7 41. Qd5+ Kf8 42. Re1 (42. Bh6+ Nxh6 43. Qd6+ Kf7 $11) 42... Rxf4 43. Qd6+ (43. Qxb7 $2 Qh2#) 43... Kg7 44. Qxf4) 40... Kg7 $1 41. Qg5+ {[%emt 0:00:19] White used his chance.   Weighted Error Value: White=0.47/Black=0.30.  Loses game:     	White=1     	Black=1      Missed win:     	White=1     	Black=1      Mistake:       	White=1     	---        Inaccurate:     	White=2     	Black=2      OK:         	White=11    	Black=11     Best:        	White=7     	Black=3      Strong:       	White=1     	Black=6} 1/2-1/2

[Event "Budapest IM-A ONE WEEK Feb 2024"]
[Site "Budapest"]
[Date "2024.02.28"]
[Round "5.1"]
[White "Papp, Sarah"]
[Black "Meessen, Rudolf"]
[Result "1-0"]
[ECO "B07"]
[WhiteElo "2279"]
[BlackElo "2169"]
[Annotator "RC"]
[PlyCount "153"]
[EventDate "2024.02.25"]
[EventType "tourn"]
[EventCountry "HUN"]
[SourceTitle "playchess.com"]
[Source "ChessBase"]
[SourceQuality "1"]
[TimeControl "5400+30"]

1. e4 d6 2. d4 Nf6 3. Nc3 e5 4. Nf3 exd4 5. Nxd4 Be7 6. Bf4 O-O 7. Qd2 Nc6 8. O-O-O Nxd4 9. Qxd4 Be6 10. f3 a6 11. g4 b5 12. h4 c5 13. Qe3 b4 14. Na4 Qc7 15. b3 Qc6 16. g5 Nh5 17. Bh2 c4 18. Rg1 cxb3 19. axb3 Rac8 20. Rd2 d5 21. Be2 d4 22. Qd3 f5 23. gxf6 Rxf6 24. Kb1 Rd8 25. Be5 Nf4 26. Qxa6 Qxa6 27. Bxa6 Rg6 28. Rgd1 Bf7 29. Bb5 Ne6 30. f4 Rg4 31. f5 Nf8 32. Rxd4 Rxd4 33. Rxd4 Rxh4 34. Bc6 h5 35. Rd3 Rh1+ 36. Kb2 h4 37. Nb6 h3 38. Rg3 g6 39. Nd5 Bxd5 40. Bxd5+ Kh7 41. Bd4 Bh4 42. Rg1 Rxg1 43. Bxg1 Bf6+ 44. e5 Bxe5+ 45. Kc1 g5 46. f6 Kg6 47. Bc5 Nd7 48. f7 Bg7 49. Bxb4 g4 50. Bd6 Kf5 51. Kd2 Be5 52. f8=Q+ Nxf8 53. Bxf8 g3 54. Ke2 Bd4 55. Kf1 Ke5 56. Bb7 Be3 57. Bg7+ Kd6 58. Bc3 Bc5 59. Be1 Kc7 60. Bf3 Bd6 61. Bd2 Kb6 62. Be3+ Kb5 63. Bg4 h2 64. Bf3 Kb4 65. Bd4 Bf4 66. Ke2 Bd6 67. Kd3 Bf4 68. Bd5 Bd6 69. Bf6 Kc5 70. Be4 Kb4 71. Bg7 Kc5 72. c3 Bf4 73. Bf8+ Kb6 74. c4 Kc7 75. b4 Kd7 76. b5 Ke6 77. c5 1-0

[Event "Budapest IM-A ONE WEEK Feb 2024"]
[Site "Budapest"]
[Date "2024.02.28"]
[Round "5.2"]
[White "Dudognon, Thibault"]
[Black "Horvath, David"]
[Result "1/2-1/2"]
[ECO "C07"]
[WhiteElo "2388"]
[BlackElo "2330"]
[Annotator "TA"]
[PlyCount "21"]
[EventDate "2024.02.25"]
[EventType "tourn"]
[EventCountry "HUN"]
[SourceTitle "playchess.com"]
[Source "ChessBase"]
[SourceQuality "1"]
[TimeControl "5400+30"]

1. e4 e6 2. d4 d5 3. Nd2 c5 4. exd5 Qxd5 5. Ngf3 cxd4 6. Bc4 Qd7 7. O-O {[%emt 0:00:32][%mdl 1024] White has compensation.} a6 8. a4 Nc6 {[%emt 0:00:07] The position is equal.} 9. Qe2 Nf6 10. Rd1 Bd6 11. Nb3 {[%emt 0:00:19] Not much happened in this game.   Weighted Error Value: White=0.07 (flawless) /Black=0.04 (flawless) .  Inaccurate:     	White=1     	---        OK:         	White=2     	Black=1} 1/2-1/2

[Event "Budapest IM-A ONE WEEK Feb 2024"]
[Site "Budapest"]
[Date "2024.02.28"]
[Round "5.3"]
[White "Foldes, Marton Gabor"]
[Black "Toth-Goczo, Melinda"]
[Result "0-1"]
[ECO "A11"]
[WhiteElo "2119"]
[BlackElo "2201"]
[Annotator "RC"]
[PlyCount "118"]
[EventDate "2024.02.25"]
[EventType "tourn"]
[EventCountry "HUN"]
[SourceTitle "playchess.com"]
[Source "ChessBase"]
[SourceQuality "1"]
[TimeControl "5400+30"]

1. e4 a6 2. d4 g6 3. Nf3 d6 4. Bd3 Nd7 5. O-O b6 6. Re1 Bb7 7. c3 e6 8. Bf4 Ne7 9. Nbd2 Bg7 10. Nf1 h6 11. h4 Kf8 12. Qd2 Kg8 13. Rad1 Qb8 14. Ng3 c5 15. Bc2 c4 16. b3 cxb3 17. Bxb3 Qc7 18. c4 Kh7 19. Rc1 e5 20. Be3 f5 21. exf5 gxf5 22. c5 bxc5 23. dxc5 Nxc5 24. Bxc5 dxc5 25. Be6 Rhf8 26. Qe2 e4 27. Ng5+ Kh8 28. Nf7+ Rxf7 29. Bxf7 Nc6 30. Qh5 Rf8 31. Bd5 Qe5 32. Bxc6 Bxc6 33. Qe2 Bb5 34. Qc2 Rc8 35. Rcd1 Bd3 36. Qa4 c4 37. Qxa6 Qc5 38. Nh5 Qc6 39. Qa7 Qc7 40. Qe3 Qc5 41. Qf4 Qe5 42. Qc1 c3 43. Nf4 Qb5 44. Re3 c2 45. Rde1 Bb2 46. Qd2 Bc3 47. Qc1 Bb2 48. Qd2 c1=Q 49. Rxc1 Bxc1 50. Qe1 Bxe3 51. Qxe3 Qc5 52. Qg3 Rg8 53. Ng6+ Kh7 54. h5 Rg7 55. Qb8 Qc1+ 56. Kh2 Qc7+ 57. Qxc7 Rxc7 58. Nf8+ Kg8 59. Ng6 Ra7 0-1